 Dungeon Crawl Stone Soup version 0.30-a0-800-g7c544603b3 (webtiles) character file.

Game seed: 8351925590326040113

175 ders the Digger (level 5, -6/31 HPs)
             Began as an Octopode Earth Elementalist on Feb 22, 2023.
             Mangled by an orc warrior
             ... wielding a +0 war axe
              (15 damage)
             ... on level 3 of the Dungeon.
             The game lasted 00:04:34 (2580 turns).

ders the Digger (Octopode Earth Elementalist)       Turns: 2580, Time: 00:04:35

Health: -6/31      AC:  1    Str:  8    XL:     5   Next: 55%
Magic:  0/9        EV: 13    Int: 19    God:
Gold:   28         SH:  0    Dex: 12    Spells: 5/9 levels left

rFire   . . .      SeeInvis .    p - +0 flail
rCold   . . .      Faith    .    (no shield)
rNeg    . . .      Spirit   .    (helmet restricted)
rPois   .          Reflect  .    (no amulet)
rElec   .          Harm     .    (no ring)
rCorr   .          Rampage  .    (no ring)
Will    .....                    (no ring)
Stlth   +++                      (no ring)
HPRegen 0.25/turn                (no ring)
MPRegen 0.11/turn                (no ring)
                                 (no ring)
                                 (no ring)

@: no status effects
A: almost no armour, amphibious, 8 rings, camouflage 1, gelatinous body 1,
(nimble swimmer 1), tentacles
a: no special abilities


You were on level 3 of the Dungeon.
You visited 1 branch of the dungeon, and saw 3 of its levels.

You collected 110 gold pieces.
You spent 82 gold pieces at shops.

Inventory:

Hand Weapons
 b - a +0 short sword
 p - a +0 flail (weapon)
Jewellery
 d - an amulet of the acrobat
Wands
 m - a wand of flame (17)
 o - a wand of light (7)
Scrolls
 c - a scroll of teleportation {unknown}
 h - a scroll of noise {unknown}
 i - 2 scrolls of enchant armour {unknown}
 k - a scroll of identify {unknown}
 l - 4 scrolls of fog {unknown}
 n - a scroll of magic mapping
Potions
 a - 3 potions of magic
 e - 2 potions of attraction {unknown}
 f - 2 potions of cancellation {unknown}
 g - a potion of invisibility {unknown}
 j - 2 potions of lignification {unknown}


   Skills:
 - Level 2.0 Dodging
 - Level 2.6 Stealth
 + Level 2.8 Spellcasting
 * Level 3.0 Conjurations
 + Level 2.4 Transmutations
 + Level 3.8 Earth Magic


You had 5 spell levels left.
You knew the following spells:

 Your Spells              Type           Power      Damage    Failure   Level
a - Sandblast             Erth           34%        2d9       3%          1
b - Stone Arrow           Conj/Erth      30%        3d8       12%         3

Your spell library contained the following spells:

 Spells                   Type           Power      Damage    Failure   Level
 Passwall                 Tmut/Erth      11%        N/A       6%          2
 Static Discharge         Conj/Air       16%        2-3/arc   13%         2
 Petrify                  Tmut/Erth      14%        N/A       38%         4
 Vhi's Electric Charge    Tloc/Air       4%         N/A       43%         3
 Arcjolt                  Conj/Air       4%         1d14      93%         5
 Lightning Bolt           Conj/Air       4%         1d15      93%         5


Dungeon Overview and Level Annotations

Branches:
Dungeon (3/15)

Altars:

Shops:
D:2 *


Innate Abilities, Weirdness & Mutations

You cannot wear most types of armour.
You are amphibious.
You can wear up to eight rings at the same time.
Your skin changes colour to match your surroundings (Stealth+).
Your rubbery body absorbs attacks. (AC +1, EV +1)
((You are camouflaged when in or above water. (Stealth+)))
You have tentacles for arms and can constrict up to eight enemies at once.


Message History

Unknown command.
Magic courses through your body.
Casting: Stone Arrow (quite dangerous; 12% risk of failure)
Confirm with . or Enter, or press ? or * to list all spells.
Aiming: Stone Arrow (quite dangerous; 12% risk of failure)
Press: ? - help, Shift-Dir - straight line, f/p - orc warrior
Aim: an orc warrior, wielding a +0 war axe and wearing a +0 chain mail (moderately wounded, 64% to hit)
The stone arrow misses the orc warrior.
The orc warrior closely misses you.
Unknown command.
Casting: Stone Arrow (quite dangerous; 12% risk of failure)
Confirm with . or Enter, or press ? or * to list all spells.
Aiming: Stone Arrow (quite dangerous; 12% risk of failure)
Press: ? - help, Shift-Dir - straight line, f/p - orc warrior
Aim: an orc warrior, wielding a +0 war axe and wearing a +0 chain mail (moderately wounded, 64% to hit)
The stone arrow hits the orc warrior!
The orc warrior is severely wounded.
The orc priest completely misses you.
The orc warrior hits you with a +0 war axe.
Unknown command.
Casting: Stone Arrow (quite dangerous; 12% risk of failure)
Confirm with . or Enter, or press ? or * to list all spells.
Aiming: Stone Arrow (quite dangerous; 12% risk of failure)
Press: ? - help, Shift-Dir - straight line, f/p - orc warrior
Aim: an orc warrior, wielding a +0 war axe and wearing a +0 chain mail (severely wounded, 64% to hit)
The stone arrow hits the orc warrior.
The orc warrior is almost dead.
The orc priest hits you with a +0 dagger.
The orc warrior barely misses you.
Unknown command.
Casting: Stone Arrow (quite dangerous; 12% risk of failure)
Confirm with . or Enter, or press ? or * to list all spells.
Aiming: Sandblast (safe; 3% risk of failure)
Press: ? - help, Shift-Dir - straight line, f/p - orc warrior
Aim: an orc warrior, wielding a +0 war axe and wearing a +0 chain mail (almost dead, 80% to hit)
The blast of sand hits the orc warrior.
The orc warrior is almost dead.
The orc priest hits you with a +0 dagger.
* * * LOW HITPOINT WARNING * * *
The orc warrior hits you with a +0 war axe!
You die...

####### ##..
..## #... ...#
#)o###).#
#o.#....####
#..#@>.....#
#.ooo...##.##
##........<...
####.#####.###
#.......##.#
#.##.......#
#.##.##.####
#.##....#
#.####..#


You could see an orc warrior, an orc priest and an orc.

Vanquished Creatures
  An iguana (D:2)
  Robin (D:2)
  2 gnolls
  3 adders (D:2)
  3 dart slugs
  3 orcs (D:3)
  6 endoplasms
  4 giant cockroaches
  12 goblins
  14 hobgoblins
  6 kobolds
  3 quokkas (D:1)
  6 ball pythons
  3 bats
  2 frilled lizards
  5 rats
74 creatures vanquished.

Notes
Turn   | Place    | Note
-------+----------+-------------------------------------------
     0 | D:1      | ders the Octopode Earth Elementalist began the quest for
                  | the Orb.
     0 | D:1      | Reached XP level 1. HP: 11/11 MP: 3/3
   108 | D:1      | Reached XP level 2. HP: 17/17 MP: 3/5
   156 | D:1      | Reached skill level 1 in Conjurations
   527 | D:1      | Reached XP level 3. HP: 21/21 MP: 4/6
   531 | D:1      | Learned a level 3 spell: Stone Arrow
  1170 | D:2      | Reached XP level 4. HP: 27/27 MP: 5/7
  1539 | D:2      | Reached XP level 5. HP: 31/31 MP: 6/9
  1787 | D:2      | Found Woruics's General Store.
  1801 | D:2      | Bought a scroll of magic mapping for 82 gold pieces
  2020 | D:2      | Noticed Robin
  2025 | D:2      | Killed Robin
  2569 | D:3      | Noticed an orc warrior
  2580 | D:3      | Mangled by an orc warrior

Illustrated notes

Levels and vault maps discovered:
D:1:      dpeg_arrival_water_temple_mockup, layout_basic
D:2:      kennysheep_six_static_rooms, layout_basic, serial_shops,
          nicolae_shop_hallway_plus, roderic_lattice_a, uniq_robin
D:3:      layout_loops_cross, mainiacjoe_overflow_catwalk, serial_shops,
          shop_fountains

Skill      XL: |  1  2  3  4  5 |
---------------+----------------+-----
Conjurations   | 1 2 3 |  3.0
Transmutations | 2 |  2.4
Dodging        | |  2.0
Stealth        | |  2.6
Spellcasting   | |  2.8
Earth Magic    | |  3.8

Action                     |  1- 3 |  4- 6 || total
---------------------------+-------+-------++-------
  Melee: Short sword       |     3 |     8 ||    11
         Constrict         |     3 |     3 ||     6
         Tentacles         |     1 |     1 ||     2
   Cast: Sandblast         |    41 |    48 ||    89
         Stone Arrow       |     2 |     9 ||    11
    Use: Potion            |       |     1 ||     1
 Armour: Skin              |     2 |     2 ||     4
  Dodge: Dodged            |     8 |    21 ||    29

Table legend: (Time is in decaauts)
 A = Elapsed time spent in this place.
 B = Non-inter-level travel time spent in this place.
 C = Inter-level travel time spent in this place.
 D = Time resting spent in this place.
 E = Time spent auto-exploring this place.
 F = Levels seen in this place.
 G = Mean time per level.
                   A        B        C        D        E       F      G
               +--------+--------+--------+--------+--------+-----+--------+
         Total |   2623 |   2488 |    135 |    148 |   1993 |   3 |  874.3 |
       Dungeon |   2623 |   2488 |    135 |    148 |   1993 |   3 |  874.3 |
               +--------+--------+--------+--------+--------+-----+--------+

Top non-repeatable levels by time:
     D:2: 1353 daAuts
     D:1: 1121 daAuts
     D:3: 148 daAuts
